Map: Dusk Towers

Players

Jamileon - Winner!

  • Race: Protoss Protoss
  • League: Master

Schnitzel

  • Race: Terran Terran
  • League: Master

VOD

Have the link to the VOD?

Description

Time

  • Played on: March 16, 2016, 11:14 p.m.
  • Length: 11:54
Show
View Real Time Build Order
Export as new Build Order

Jamileon Protoss - Winner!

Build Orders: 1 Gate Expand, Oracle Opening, Phoenix Opening 

Get SALT Encoding   

  12  0:01  Probe (Chrono Boost)  
  13  0:11  Probe (Chrono Boost)  
  14  0:17  Pylon  
  14  0:23  Probe (Chrono Boost)  
  16  0:36  Probe (Chrono Boost)  
  16  0:38  Gateway  
  16  0:44  Assimilator  
  16  0:46  Probe (Chrono Boost)  
  17  0:57  Probe (Chrono Boost)  
  18  1:07  Probe (Chrono Boost)  
  19  1:23  Nexus  
  19  1:26  Probe (Chrono Boost)  
  20  1:35  Cybernetics Core  
  20  1:41  Probe (Chrono Boost)  
  20  1:44  Assimilator  
  21  1:51  Probe (Chrono Boost)  
  22  1:55  Pylon  
  21  2:02  Probe (Chrono Boost)  
  22  2:12  Probe (Chrono Boost)  
  22  2:14  Warp Gate, Adept (Chrono Boost)  
  25  2:24  Probe  
  25  2:26  Stargate  
  26  2:36  Probe x2 (Chrono Boost)  
  28  2:37  Adept (Chrono Boost)  
  30  2:47  Probe x2 (Chrono Boost)  
  32  2:58  Probe x2 (Chrono Boost)  
  34  3:07  Probe (Chrono Boost)  
  34  3:08  Probe (Chrono Boost)  
  34  3:11  Oracle (Chrono Boost)  
  39  3:13  Pylon  
  39  3:17  Probe  
  42  3:20  Mothership Core  
  42  3:27  Probe  
  42  3:32  Gateway x2  
  43  3:37  Adept  
  43  3:39  Probe (Chrono Boost)  
  43  3:41  Probe (Chrono Boost)  
  47  3:49  Probe (Chrono Boost)  
  47  3:51  Pylon  
  47  3:52  Phoenix (Chrono Boost), Probe (Chrono Boost)  
  51  3:59  Probe  
  52  4:04  Probe  
  53  4:10  Probe  
  53  4:12  Nexus  
  53  4:16  Probe  
  55  4:20  Probe  
  55  4:21  Assimilator  
  55  4:22  Assimilator  
  56  4:28  Phoenix (Chrono Boost), Probe  
  56  4:31  Probe  
  56  4:32  Twilight Council  
  56  4:37  Pylon  
  57  4:41  Probe  
  57  4:42  Probe  
  59  4:49  Phoenix (Chrono Boost)  
  61  4:53  Pylon  
  61  4:56  Adept x3  
  61  4:58  Probe  
  68  5:04  Probe  
  69  5:08  Phoenix (Chrono Boost)  
  69  5:09  Resonating Glaives (Chrono Boost)  
  69  5:10  Probe  
  72  5:16  Probe  
  73  5:22  Probe  
  73  5:24  Probe, Robotics Facility  
  75  5:29  Phoenix  
  77  5:38  Probe  
  77  5:39  Probe  
  77  5:41  Adept x2  
  77  5:42  Adept  
  85  5:46  Assimilator  
  85  5:49  Probe  
  85  5:50  Assimilator, Probe  
  85  5:51  Phoenix, Probe  
  90  5:59  Probe  
  90  6:02  Probe  
  90  6:03  Pylon  
  92  6:05  Pylon  
  92  6:09  Probe  
  93  6:17  Pylon x2  
  93  6:18  Phoenix  
  93  6:19  Probe  
  93  6:21  Observer  
  93  6:25  Robotics Bay  
  97  6:26  Robotics Facility  
  97  6:27  Pylon  
  97  6:31  Probe (Chrono Boost)  
  97  6:32  Probe (Chrono Boost), Pylon  
  99  6:34  Pylon  
  99  6:35  Sentry  
  99  6:36  Adept  
  99  6:37  Adept  
  105  6:41  Probe (Chrono Boost)  
  105  6:43  Probe (Chrono Boost)  
  107  6:48  Probe (Chrono Boost)  
  107  6:51  Probe (Chrono Boost)  
  109  6:55  Pylon  
  109  6:56  Probe (Chrono Boost)  
  109  6:59  Probe (Chrono Boost)  
  111  7:01  Adept  
  111  7:02  Probe (Chrono Boost), Adept x2  
  118  7:11  Forge  
  118  7:13  Forge  
  118  7:15  Colossus x2 (Chrono Boost)  
  130  7:25  Extended Thermal Lance (Chrono Boost)  
  130  7:27  Adept x3  
  138  7:52  Protoss Ground Weapons Level 1  
  138  7:53  Protoss Ground Armor Level 1  
  138  7:56  Colossus x2  
  136  7:59  Adept x3  
  136  8:03  Photon Cannon  
  154  8:22  Phoenix  
  156  8:28  Nexus  
  156  8:30  Pylon  
  156  8:31  Pylon x2  
  156  8:33  Pylon  
  156  8:34  Pylon  
  156  8:35  Photon Cannon  
  156  8:36  Pylon  
  156  8:38  Pylon  
  156  8:40  Pylon  
  156  8:47  Disruptor x2  
  156  8:49  Phoenix  
  156  8:53  Fleet Beacon  
  164  8:59  Stalker x2  
  164  9:00  Stalker  
  170  9:03  Assimilator  
  170  9:08  Assimilator  
  170  9:11  Pylon  
  170  9:14  Gateway  
  170  9:15  Gateway  
  170  9:17  Phoenix  
  170  9:20  Disruptor x2  
  172  9:26  Gateway  
  172  9:27  Gateway  
  172  9:29  Gateway  
  178  9:36  Anion Pulse-Crystals (Chrono Boost)  
  178  9:48  Stalker x3  
  184  9:54  Pylon  
  184  9:59  Pylon x2  
  184  10:01  Pylon  
  182  10:08  Disruptor  
  182  10:09  Disruptor  
  162  10:16  Stalker  
  162  10:17  Stalker x2  
  171  10:32  Stalker x3  
  177  10:40  Stalker x3  
  173  10:52  Templar Archives  
  173  10:58  Stalker x2  
  173  10:59  Stalker x3  
  177  11:10  Stalker  
  177  11:11  Stalker x2  
  177  11:35  Nexus  
  162  11:45  Stalker x8  
Show
View Real Time Build Order
Export as new Build Order

Schnitzel Terran 

Build Orders: MMM Bio 

Get SALT Encoding   

  12  0:00  SCV  
  13  0:13  SCV  
  14  0:17  Supply Depot  
  14  0:25  SCV  
  15  0:39  SCV  
  15  0:42  Barracks  
  16  0:51  SCV  
  16  0:55  Supply Depot  
  17  1:04  SCV  
  18  1:16  SCV  
  19  1:29  SCV  
  20  1:34  Marine  
  20  1:39  Command Center  
  21  1:42  Orbital Command  
  21  1:52  Marine  
  22  2:09  SCV  
  22  2:11  Marine  
  24  2:16  Command Center  
  24  2:21  SCV  
  25  2:30  Barracks  
  25  2:31  Marine  
  25  2:35  SCV  
  27  2:41  Refinery  
  27  2:46  Barracks  
  27  2:47  SCV  
  28  2:55  Orbital Command  
  28  2:57  Marine  
  29  2:59  SCV  
  30  3:11  SCV  
  31  3:15  Marine  
  31  3:16  Engineering Bay  
  31  3:18  Marine  
  33  3:22  SCV  
  33  3:24  SCV  
  33  3:26  Refinery  
  35  3:30  Orbital Command  
  35  3:33  Marine x2  
  38  3:34  SCV  
  38  3:38  SCV  
  38  3:39  Barracks Tech Lab  
  39  3:46  Supply Depot, SCV  
  40  3:50  SCV  
  40  3:51  Marine  
  40  3:53  Marine  
  43  3:59  Marine  
  43  4:00  Stimpack  
  43  4:01  Missile Turret  
  44  4:03  SCV, Missile Turret  
  44  4:04  SCV  
  44  4:06  SCV  
  42  4:19  SCV x2  
  42  4:20  SCV  
  46  4:31  SCV x2  
  46  4:32  Marine x2  
  46  4:33  SCV, Marine  
  46  4:38  Supply Depot  
  51  4:43  SCV x2  
  53  4:45  SCV  
  53  4:46  Factory  
  53  4:51  Barracks Reactor, Barracks Tech Lab  
  54  4:55  SCV x2  
  54  4:56  Refinery  
  54  4:57  Marine  
  54  4:58  SCV  
  58  5:02  Supply Depot  
  58  5:07  SCV x2, Terran Infantry Weapons Level 1  
  58  5:10  SCV  
  61  5:14  Marine  
  61  5:15  Refinery, Marine  
  61  5:17  Orbital Command  
  61  5:19  SCV  
  64  5:22  SCV  
  65  5:32  Barracks, Starport, Marine  
  65  5:33  Factory Reactor, Marine  
  65  5:34  Barracks, Missile Turret  
  67  5:38  SCV x2  
  67  5:39  Marine  
  69  5:46  Marine  
  69  5:49  SCV  
  71  5:50  SCV x2, Marine  
  71  5:51  Supply Depot x2, Marine  
  75  6:02  SCV x3  
  75  6:04  Armory  
  78  6:06  Engineering Bay  
  78  6:14  SCV x2  
  78  6:15  SCV  
  78  6:16  Marine x2  
  78  6:17  Marine  
  84  6:19  Factory Reactor, Marauder  
  84  6:22  Barracks Tech Lab, Medivac  
  88  6:25  Medivac  
  88  6:26  SCV  
  88  6:27  SCV x2  
  93  6:34  Supply Depot  
  93  6:36  Marine x2  
  93  6:37  Supply Depot  
  93  6:38  SCV  
  93  6:39  Barracks Reactor  
  96  6:40  Marine x2  
  96  6:41  Marine  
  96  6:43  SCV x2  
  101  6:50  Ghost Academy  
  101  6:55  Marine x2  
  101  6:56  SCV x2, Medivac x2  
  101  6:58  Marine x2  
  101  6:59  Marine  
  101  7:00  SCV  
  113  7:02  Sensor Tower  
  113  7:07  Supply Depot  
  113  7:08  SCV  
  114  7:11  Supply Depot  
  114  7:13  Concussive Shells, Combat Shields, Marine x2  
  116  7:16  Marine  
  117  7:27  Refinery x2  
  117  7:28  Widow Mine, Marine x4  
  117  7:29  SCV x2  
  125  7:31  Supply Depot  
  125  7:32  Widow Mine, Supply Depot x2, Medivac x2  
  129  7:39  Bunker  
  129  7:43  Ghost, Marine x2  
  130  7:45  SCV x2  
  130  7:47  Marine  
  133  7:52  Marine x3  
  133  7:55  Terran Infantry Weapons Level 2  
  136  8:01  Terran Infantry Armor Level 1, Marine x2  
  136  8:05  Marine  
  138  8:07  Barracks  
  138  8:08  Barracks x2  
  138  8:10  Marine x3  
  142  8:16  Marine  
  142  8:18  Starport  
  142  8:19  Marine x2  
  145  8:24  Viking x2  
  145  8:25  Marine  
  150  8:28  Marauder x2  
  150  8:29  Supply Depot  
  150  8:30  Terran Ship Weapons Level 1  
  150  8:32  Supply Depot  
  154  8:42  Ghost  
  154  8:43  Marine  
  157  8:50  Widow Mine x2, Marine x3  
  157  8:54  Marauder, Viking x2  
  169  8:58  Barracks Tech Lab  
  169  9:01  Barracks Tech Lab  
  169  9:02  Starport Reactor  
  169  9:07  Command Center  
  169  9:09  Marauder, Marine x2  
  173  9:20  Marauder x3, Marine x2  
  181  9:26  Supply Depot  
  181  9:28  Viking x2  
  185  9:34  Marauder x2  
  189  9:47  Barracks Tech Lab, Marauder, Starport, Marine x2, Viking x2  
  197  10:00  Liberator x2  
  197  10:04  Marauder  
  172  10:12  Viking x2  
  172  10:13  Liberator  
  155  10:16  Marauder x3, Marine x4  
  155  10:18  Marine  
  172  10:23  Marine  
  172  10:24  Marine  
  172  10:25  Liberator x2  
  166  10:40  Marine x2  
  166  10:41  Marauder x2  
  175  10:55  Marine  
  175  10:56  Marine x3  
  147  11:07  Refinery  
  122  11:12  Planetary Fortress  
  122  11:14  Marine  
  122  11:15  Marauder x3, Marine x2  
  122  11:18  Marine x2  
  133  11:22  Marine x2  
  135  11:32  Marine x3  
  120  11:35  Marine  
Tags
 
Add a new tag
Caveats
  • Supply blocks, unpowered buildings, or Contaminate may cause inaccurate times.
  • Supply counts are checked every 10 seconds.